 Dungeon Sprint DCSS version 0.21-a0-41-g5e91fef (webtiles) character file.

203 Kidiri the Thaumaturge (level 5, 0/32 HPs)
             Began as a Deep Elf Fire Elementalist on June 3, 2017.
             Was an Initiate of Vehumet.
             Slain by a demonic crawler (5 damage)
             ... summoned by a deep elf mage
             ... in the Dungeon (Sprint III: "The Ten Rune Challenge").
             The game lasted 00:03:10 (472 turns).

Kidiri the Thaumaturge (Deep Elf Fire Elementalist)  Turns: 472, Time: 00:03:10

Health: 0/32       AC:  2    Str:  5    XL:     5   Next: 51%
Magic:  11/18      EV: 15    Int: 19    God:    Vehumet [......]
Gold:   44         SH:  0    Dex: 15    Spells: 3/21 levels left

rFire    . . .     SeeInvis .   (no weapon)
rCold    . . .     Gourm    .   (no shield)
rNeg     . . .     Faith    .   a - +0 robe
rPois    .         Spirit   .   (helmet restricted)
rElec    .         Reflect  .   (no cloak)
rCorr    .         Harm     .   (no gloves)
MR       +....     NoTele   +   (no boots)
Stlth    ++........             (no amulet)
Regen    0.1/turn               (no ring)
MPRegen  0.2/turn               (no ring)

@: very slightly contaminated
A: beak, dopey 1, magic resistance 1, wild magic 1
a: Renounce Religion


You were in the Dungeon.
You worshipped Vehumet.
Vehumet was noncommittal.
You were not hungry.

You visited 1 branch You collected 44 gold pieces.

Inventory:

Armour
 a - a +0 robe (worn)
Scrolls
 i - a scroll of blinking
 k - a scroll of fear
 m - a scroll of holy word {unknown}
 o - 2 scrolls of remove curse
 s - a scroll of immolation {unknown}
Potions
 d - a potion of curing
 f - a potion of haste
 g - 2 potions of magic
 h - a potion of berserk rage
 q - a potion of brilliance
 r - a potion of flight
 u - a potion of might
Comestibles
 c - a bread ration
 l - 2 chunks of flesh
 p - 3 fruits
 t - a meat ration


   Skills:
 + Level 3.3 Fighting
 + Level 3.4 Armour
 + Level 5.5 Dodging
 - Level 2.4 Stealth
 * Level 8.7 Spellcasting
 + Level 4.6 Conjurations
 + Level 5.7 Fire Magic


You had 3 spell levels left.
You knew the following spells:

 Your Spells              Type           Power        Failure   Level  Hunger
a - Flame Tongue          Conj/Fire      #####        2%          1    None
b - Throw Flame           Conj/Fire      #####.       3%          2    None
c - Conjure Flame         Conj/Fire      #####...     5%          3    None
d - Inner Flame           Hex/Fire       ###.....     12%         3    None
e - Sticky Flame          Conj/Fire      #####...     14%         4    ###....
f - Fireball              Conj/Fire      #####.....   36%         5    #####..


Dungeon Overview and Level Annotations

Branches:
Dungeon (1/1)

Altars:
Elyvilon
Kikubaaqudgha
Sif Muna
Vehumet
Zin
The Shining One


Innate Abilities, Weirdness & Mutations

You have a beak for a mouth.
You are dopey. (Int -2)
You are resistant to hostile enchantments. (MR+)
Your spells are a little harder to cast, but a little more powerful.


Message History

The deep elf mage burns!
There is an open door to the Ecumenical Temple here.
The deep elf mage burns!
The smoke demon gestures at you. Something smites you!
* * * LOW HITPOINT WARNING * * *
Unknown command.
You close the door.
A deep elf mage opens the door.
You close the door.
A deep elf mage opens the door.
You feel much better.
The deep elf mage burns!
The demonic crawler barely misses you. The demonic crawler hits you!
The demonic crawler hits you.
The deep elf mage drinks a potion.
The deep elf mage is healed!
The deep elf mage burns!
The deep elf mage casts a spell.
The deep elf mage blinks!
The demonic crawler hits you.
* * * LOW HITPOINT WARNING * * *
The demonic crawler hits you.
You die...

▓▓▓▓▓▓▓▓▓ ▓▓▓ ▓<..#...####
##.#####
▓...#......#####..#___#
▓..##.......#..#..#...#
▓##.##.##..[#..#..###'#+###+
##.##.###..##+#..#..........
▓#.####.##..###...3§⌠........
▓.###÷.##..####...#...######+
▓#.....##..###.@s.#.⌠.#
###..##...##.....#...#
##÷.##....#......#+###
#..###..##.#.....#.):# #(.#
#..#####....#___# ▓▓▓▓ ▓▓▓▓
▓▓▓▓▓▓▓▓▓▓


You could see a demonic crawler and a smoke demon.

Vanquished Creatures
  A water elemental (D)
  A scorpion (D)
  A wizard (D)
  Jessica (D)
  A human (D)
  A kobold demonologist (D)
  3 rats (D)
9 creatures vanquished.

Vanquished Creatures (others)
  2 draconian scorchers (D)
  6 hellions (D)
  A yaktaur (D)
  2 plants (D)
11 creatures vanquished.

Grand Total: 20 creatures vanquished

Notes
Turn   | Place    | Note
-------+----------+-------------------------------------------
     0 | D        | Kidiri the Deep Elf Fire Elementalist began the quest for the Orb.
     0 | D        | Reached XP level 1. HP: 10/10 MP: 6/6
    34 | D        | Noticed Jessica
    38 | D        | Killed Jessica
    38 | D        | Reached skill level 1 in Fighting
    38 | D        | Reached skill level 1 in Armour
    38 | D        | Reached skill level 5 in Spellcasting
    38 | D        | Reached XP level 2. HP: 16/16 MP: 6/10
    42 | D        | Learned a level 2 spell: Throw Flame
   104 | D        | Reached XP level 3. HP: 21/21 MP: 0/12
   109 | D        | Learned a level 3 spell: Conjure Flame
   113 | D        | Learned a level 3 spell: Inner Flame
   125 | D        | Killed a hellion
   126 | D        | Killed a hellion
   127 | D        | Killed a hellion
   134 | D        | Killed a hellion
   140 | D        | Killed a hellion
   164 | D        | Killed a white draconian scorcher
   190 | D        | Killed a white draconian scorcher
   197 | D        | Noticed a scorpion
   208 | D        | Killed a scorpion
   208 | D        | Reached skill level 6 in Spellcasting
   208 | D        | Reached XP level 4. HP: 27/27 MP: 4/14
   214 | D        | Learned a level 4 spell: Sticky Flame
   222 | D        | Killed a yaktaur
   278 | D        | Killed a hellion
   297 | D        | Gained mutation: You expend magic power (3 MP) to strengthen your wands. [potion of mutation]
   297 | D        | Gained mutation: You are frail. (-10% HP) [potion of mutation]
   297 | D        | Gained mutation: You are dopey. (Int -2) [potion of mutation]
   297 | D        | Gained mutation: You are resistant to electric shocks. (rElec) [potion of mutation]
   298 | D        | Lost mutation: You are frail. (-10% HP) [potion of mutation]
   298 | D        | Lost mutation: You are dopey. (Int -2) [potion of mutation]
   298 | D        | Lost mutation: You are resistant to electric shocks. (rElec) [potion of mutation]
   298 | D        | Gained mutation: You are somewhat resistant to further mutation. [potion of mutation]
   298 | D        | Gained mutation: You have sharp toenails. [potion of mutation]
   299 | D        | Lost mutation: You have sharp toenails. [potion of mutation]
   299 | D        | Lost mutation: You expend magic power (3 MP) to strengthen your wands. [potion of mutation]
   299 | D        | Gained mutation: Your muscles are strong. (Str +2) [potion of mutation]
   300 | D        | Lost mutation: Your muscles are strong. (Str +2) [potion of mutation]
   300 | D        | Lost mutation: You are somewhat resistant to further mutation. [potion of mutation]
   300 | D        | Gained mutation: You tend to lose your temper in combat. [potion of mutation]
   300 | D        | Gained mutation: You are frail. (-10% HP) [potion of mutation]
   300 | D        | Gained mutation: Your spells are a little harder to cast, but a little more powerful. [potion of mutation]
   301 | D        | Lost mutation: You tend to lose your temper in combat. [potion of mutation]
   301 | D        | Lost mutation: You are frail. (-10% HP) [potion of mutation]
   301 | D        | Gained mutation: You are dopey. (Int -2) [potion of mutation]
   301 | D        | Gained mutation: You are resistant to hostile enchantments. (MR+) [potion of mutation]
   301 | D        | Gained mutation: You have a beak for a mouth. [potion of mutation]
   329 | D        | Noticed a water elemental
   333 | D        | Killed a water elemental
   333 | D        | Reached skill level 5 in Dodging
   333 | D        | Reached skill level 8 in Spellcasting
   333 | D        | Reached skill level 5 in Fire Magic
   333 | D        | Reached XP level 5. HP: 32/32 MP: 8/17
   342 | D        | Learned a level 5 spell: Fireball
   390 | D        | Found a radiant altar of Vehumet.
   391 | D        | Found a deep blue altar of Sif Muna.
   391 | D        | Found an ancient bone altar of Kikubaaqudgha.
   393 | D        | Noticed a chaos spawn
   395 | D        | Noticed a sixfirhy
   399 | D        | Became a worshipper of Vehumet
   455 | D        | Found a glowing silver altar of Zin.
   456 | D        | Found a glowing golden altar of the Shining One.
   456 | D        | Found a white marble altar of Elyvilon.
   456 | D        | Noticed a deep elf mage
   462 | D        | Noticed a smoke demon
   466 | D        | Noticed a demonic crawler
   472 | D        | Slain by a demonic crawler

Vault maps used:
D:        dungeon_sprint_mu

Skill      XL: |  1  2  3  4  5 |
---------------+----------------+-----
Fighting       | 1 2 3 |  3.3
Armour         | 1 2 3 |  3.4
Dodging        | 3 4 5 |  5.5
Spellcasting   | 5 6 8 |  8.7
Conjurations   | 2 3 4 |  4.6
Fire Magic     | 4 5 |  5.7
Stealth        | |  2.4

Action                   |  1- 3 |  4- 6 || total
-------------------------+-------+-------++-------
 Cast: Flame Tongue      |    13 |     5 ||    18
       Throw Flame       |     4 |       ||     4
       Conjure Flame     |     1 |     1 ||     2
       Sticky Flame      |       |     3 ||     3
  Use: Potion            |       |     6 ||     6
       Scroll            |       |     4 ||     4
Armor: Robe              |       |     1 ||     1
Dodge: Dodged            |     2 |     7 ||     9
